[Event "Titled Tuesday Blitz April 19 Early 2022"]
[White "Grischuk, Alexander"]
[Black "Chernyavsky, Alexander"]
[WhiteFideId "4126025"]
[BlackFideId "24131156"]
[WhiteElo "2762"]
[BlackElo "2292"]
[Result "1-0"]
[Round "03"]
[TimeControl "180+1"]
[Date "2022.04.19"]
[WhiteClock "0:00:24"]
[BlackClock "0:00:20"]

1. d4 Nf6 2. Nf3 g6 3. Bf4 Bg7 4. e3 d5 5. Nbd2 O-O 6. Be2 c6 7. O-O Bf5 8. c4 Nbd7 9. h3 h6 10. Qb3 Qb6 11. Rfc1 Rfc8 12. c5 Qxb3 13. axb3 Ne4 14. g4 Nxd2 15. Nxd2 Be6 16. b4 a6 17. Nb3 f5 18. Na5 Ra7 19. Nxb7 Rxb7 20. Bxa6 Rcc7 21. b5 Nb8 22. Bxb7 Rxb7 23. Ra8 Rxb5 24. Rxb8+ Rxb8 25. Bxb8 fxg4 26. hxg4 Bxg4 27. Be5 Bxe5 28. dxe5 Be2 29. Kg2 Kf7 30. Kg3 g5 31. Re1 Bb5 32. f4 Kg6 33. e4 dxe4 34. Rxe4 Kf5 35. Rb4 h5 36. fxg5 Bd3 37. Kh4 Be2 38. Rb7 e6 39. Rf7+ Kxe5 40. g6 Bd3 41. g7 Bh7 42. Rf8 Kd5 43. Kxh5 Kxc5 44. Kh6 1-0


[Site "https://www.chess.com"]

[Event "Titled Tuesday Blitz April 19 Early 2022"]
[White "Gu, Xiaobing"]
[Black "Derraugh, Geordie"]
[WhiteFideId "8602611"]
[BlackFideId "2603950"]
[WhiteElo "2174"]
[BlackElo "2116"]
[Result "0-1"]
[Round "03"]
[TimeControl "180+1"]
[Date "2022.04.19"]
[WhiteClock "0:00:49"]
[BlackClock "0:01:18"]

1. e4 c5 2. Nf3 d6 3. Bb5+ Bd7 4. c4 Bxb5 5. cxb5 e6 6. d4 cxd4 7. Nxd4 Nf6 8. Nc3 Be7 9. O-O O-O 10. Qe2 Nbd7 11. Be3 Rc8 12. a4 Ne5 13. f3 Nc4 14. Bf2 Qa5 15. Nc6 bxc6 16. Qxc4 d5 17. exd5 cxd5 18. Qd3 Rc4 19. Rac1 Rfc8 20. Rfe1 Bb4 21. Bd4 Rxd4 22. Nxd5 Rxc1 23. Rxc1 Rxd5 24. Rc8+ Bf8 25. Qa3 Qe1# 0-1


[Site "https://www.chess.com"]

[Event "Titled Tuesday Blitz April 19 Early 2022"]
[White "Gulevich, Artem"]
[Black "Korchmar, Vasiliy"]
[WhiteFideId "24119580"]
[BlackFideId "24131750"]
[WhiteElo "2218"]
[BlackElo "2370"]
[Result "0-1"]
[Round "03"]
[TimeControl "180+1"]
[Date "2022.04.19"]
[WhiteClock "0:00:24"]
[BlackClock "0:00:07"]

1. Nf3 d5 2. b3 Bf5 3. Bb2 e6 4. e3 Nf6 5. Be2 h6 6. O-O Be7 7. d4 O-O 8. Nbd2 a5 9. a3 Nbd7 10. c4 c6 11. Bc3 Bd6 12. Qc1 Qe7 13. Qb2 Rfb8 14. b4 axb4 15. axb4 Ne4 16. Nxe4 Bxe4 17. Nd2 Bg6 18. b5 c5 19. dxc5 Nxc5 20. Bxg7 e5 21. Bxh6 Qh4 22. cxd5 Qxh6 23. Nc4 Be4 24. f3 Bxd5 25. Nxd6 Qxd6 26. Rxa8 Rxa8 27. Rd1 Qe6 28. e4 Bb3 29. Rc1 Ra2 30. Qc3 b6 31. Bf1 Qd6 32. Qe1 Qd4+ 33. Kh1 Qf2 34. Qxf2 Rxf2 35. Ra1 Ra2 36. Rc1 Ba4 37. h4 Rb2 38. Ra1 Bxb5 39. Bxb5 Rxb5 40. Ra8+ Kg7 41. Re8 Nd3 42. Rd8 Nf4 43. g3 Rb1+ 44. Kh2 Rb2+ 45. Kh1 Ne6 46. Rd5 Kf6 47. f4 exf4 48. gxf4 b5 49. Rf5+ Kg7 50. h5 b4 51. h6+ Kxh6 52. Rxf7 Nc5 53. e5 b3 54. e6 Re2 55. Rf6+ Kg7 56. Rf7+ Kg8 0-1


[Site "https://www.chess.com"]

[Event "Titled Tuesday Blitz April 19 Early 2022"]
[White "Dronavalli, Harika"]
[Black "Jegorovas, Aleksandras"]
[WhiteFideId "5015197"]
[BlackFideId "12801950"]
[WhiteElo "2382"]
[BlackElo "2247"]
[Result "0-1"]
[Round "03"]
[TimeControl "180+1"]
[Date "2022.04.19"]
[WhiteClock "0:00:19"]
[BlackClock "0:00:27"]

1. c4 Nf6 2. Nc3 c5 3. Nf3 e6 4. g3 b6 5. Bg2 Bb7 6. O-O Be7 7. Re1 a6 8. e4 d6 9. d4 cxd4 10. Nxd4 Qc7 11. Be3 Nbd7 12. Rc1 Rc8 13. f4 Qb8 14. b3 Qa8 15. Bf2 g6 16. Qe2 O-O 17. g4 Rfe8 18. g5 Nh5 19. Qg4 Nxf4 20. Qxf4 e5 21. Qg4 exd4 22. Bxd4 Ne5 23. Qg3 Bf8 24. Bxb6 Bg7 25. Kh1 Nd7 26. Ba5 Bxc3 27. Bxc3 Bxe4 28. Rxe4 Rxe4 29. Qxd6 Qb7 30. Rf1 Rce8 31. Qd3 Qc6 32. Bxe4 Rxe4 33. Qf3 Qe6 34. Bf6 Nxf6 35. Qxf6 Qe8 36. Qf2 Re2 37. Qf3 Rxa2 38. Rd1 Re2 39. Kg1 Re3 40. Qf6 Re1+ 41. Rxe1 Qxe1+ 42. Kg2 Qe2+ 43. Kg1 Qd1+ 44. Kg2 Qxb3 45. Qd8+ Kg7 46. Qf6+ Kg8 47. Qxa6 Qc2+ 48. Kf3 Qf5+ 49. Ke3 Qxg5+ 50. Kd4 Qf4+ 51. Kc3 Qxh2 52. Qc8+ Kg7 53. c5 Qg3+ 54. Kc4 Qf4+ 55. Kb5 Qf1+ 56. Kc6 h5 57. Qd8 Qf3+ 58. Kb6 Qb3+ 59. Kc7 Qg3+ 60. Qd6 h4 61. c6 Qxd6+ 62. Kxd6 h3 63. c7 h2 64. c8=Q h1=Q 65. Qc3+ Kh7 66. Qf6 Qb7 67. Kc5 Qd7 68. Kc4 Qe6+ 0-1


[Site "https://www.chess.com"]

[Event "Titled Tuesday Blitz April 19 Early 2022"]
[White "Harish, Neeraj"]
[Black "Polster, Christian"]
[WhiteFideId "30958130"]
[BlackFideId "12965081"]
[WhiteElo "1574"]
[BlackElo "2309"]
[Result "0-1"]
[Round "03"]
[TimeControl "180+1"]
[Date "2022.04.19"]
[WhiteClock "0:00:02"]
[BlackClock "0:00:42"]

1. c4 c5 2. Nf3 Nf6 3. Nc3 Nc6 4. e3 d5 5. cxd5 Nxd5 6. Bb5 Nxc3 7. bxc3 Bd7 8. O-O e6 9. d4 cxd4 10. cxd4 Be7 11. Bd3 O-O 12. Bb2 Rc8 13. Rc1 Qa5 14. Bb1 Nb4 15. a3 Nd5 16. Ne5 Bb5 17. Re1 Rxc1 18. Bxc1 Nc3 19. Bd2 Nxd1 20. Bxa5 Nb2 21. Bb4 Bxb4 22. axb4 Rc8 23. Rd1 Nxd1 0-1


[Site "https://www.chess.com"]

[Event "Titled Tuesday Blitz April 19 Early 2022"]
[White "Hernandez Bermudez, Ulises Eduardo"]
[Black "Zia, Tahsin Tajwar"]
[WhiteFideId "3902510"]
[BlackFideId "10211888"]
[WhiteElo "2056"]
[BlackElo "1800"]
[Result "0-1"]
[Round "03"]
[TimeControl "180+1"]
[Date "2022.04.19"]
[WhiteClock "0:00:31"]
[BlackClock "0:00:50"]

1. e4 c6 2. d4 d5 3. exd5 cxd5 4. Bd3 Nc6 5. c3 Nf6 6. Bf4 Bg4 7. Qb3 Qd7 8. Nd2 e6 9. Ngf3 Bd6 10. Ne5 Bxe5 11. dxe5 Nh5 12. Be3 Nxe5 13. Bb5 Nc6 14. Qa4 Nf6 15. Nb3 O-O 16. Nc5 Qc7 17. Nxb7 Qxb7 18. Bxc6 Qxb2 19. O-O Rab8 20. Bd4 Be2 21. Rfe1 Bc4 22. Qxa7 Ne4 23. Qe7 Qd2 24. Rad1 Qh6 25. f3 Nf6 26. a4 Qg6 27. a5 Rb2 28. Bf2 Qc2 29. Rf1 Bxf1 30. Rxf1 Rb1 31. Bc5 Rfb8 32. Bb4 Rb2 33. Be8 Qxg2# 0-1


[Site "https://www.chess.com"]

[Event "Titled Tuesday Blitz April 19 Early 2022"]
[White "Hernandez Jimenez, Alexander Andres"]
[Black "Simonovic, Miroslav"]
[WhiteFideId "3900452"]
[BlackFideId "919152"]
[WhiteElo "2098"]
[BlackElo "2043"]
[Result "1-0"]
[Round "03"]
[TimeControl "180+1"]
[Date "2022.04.19"]
[WhiteClock "0:00:48"]
[BlackClock "0:00:05"]

1. e4 c5 2. Nf3 Nc6 3. d4 cxd4 4. Nxd4 e5 5. Nb5 d6 6. c4 Be7 7. N5c3 Be6 8. Nd5 Bxd5 9. cxd5 Nd4 10. Nc3 Nf6 11. Be3 O-O 12. Bxd4 exd4 13. Qxd4 Rc8 14. Be2 Nd7 15. O-O Bf6 16. Qd2 Qa5 17. Rfc1 Nc5 18. f3 Rc7 19. Qe3 Qb4 20. Kh1 a6 21. f4 Bd4 22. Qf3 Qxb2 23. Rab1 Qd2 24. Bf1 Rfc8 25. Ne2 Qe3 26. Nxd4 Qxd4 27. Rc4 Qd2 28. Rbc1 h6 29. e5 dxe5 30. fxe5 Ne6 31. dxe6 Rxc4 32. Rxc4 Rxc4 33. Qxf7+ Kh8 34. Bxc4 Qe1+ 35. Bf1 Qxe5 36. e7 1-0


[Site "https://www.chess.com"]

[Event "Titled Tuesday Blitz April 19 Early 2022"]
[White "Hoffmann, Asa"]
[Black "Piesik, Piotr"]
[WhiteFideId "2001470"]
[BlackFideId "1136194"]
[WhiteElo "2117"]
[BlackElo "2190"]
[Result "0-1"]
[Round "03"]
[TimeControl "180+1"]
[Date "2022.04.19"]
[WhiteClock "0:00:35"]
[BlackClock "0:01:28"]

1. d4 c5 2. dxc5 e6 3. Nc3 Bxc5 4. Ne4 Nf6 5. Nxc5 Qa5+ 6. c3 Qxc5 7. Be3 Qc7 8. f3 d5 9. Bg5 Nc6 10. e3 Qb6 11. Qd2 h6 12. Bh4 Bd7 13. Bd3 Ne5 14. O-O-O Rc8 15. Ne2 Bb5 16. Bxb5+ Qxb5 17. Nd4 Qa5 18. Kb1 Nfd7 19. Nb3 Qb6 20. Qd4 Rc4 21. Qxb6 axb6 22. Bg3 Ke7 23. Rhe1 Ra8 24. e4 dxe4 25. Rxe4 Rxe4 26. fxe4 Nc4 27. Nd4 Nc5 28. e5 Rd8 29. b3 Ne3 30. Rd2 Ne4 31. Rd3 Nxg2 32. Kb2 g5 33. Rf3 Rd5 34. Rf2 Nxf2 0-1


[Site "https://www.chess.com"]

[Event "Titled Tuesday Blitz April 19 Early 2022"]
[White "Hua, Lefong"]
[Black "Muradov, Soltan"]
[WhiteFideId "2602253"]
[BlackFideId "14002108"]
[WhiteElo "2580"]
[BlackElo "1854"]
[Result "1-0"]
[Round "03"]
[TimeControl "180+1"]
[Date "2022.04.19"]
[WhiteClock "0:00:16"]
[BlackClock "0:00:04"]

1. d4 Nf6 2. c4 e6 3. Nc3 Bb4 4. f3 d5 5. a3 Be7 6. e4 dxe4 7. fxe4 c5 8. d5 exd5 9. cxd5 O-O 10. Nf3 Bg4 11. Be2 Re8 12. O-O Nbd7 13. h3 Bh5 14. Bf4 Bf8 15. Nd2 Bxe2 16. Qxe2 Ne5 17. Nc4 Ng6 18. Bg5 h6 19. Bxf6 gxf6 20. d6 Bg7 21. Rad1 Re6 22. a4 Qd7 23. Rf5 Rae8 24. Rxc5 Rc8 25. Rxc8+ Qxc8 26. d7 Qd8 27. Qf2 Re7 28. Qxa7 Rxd7 29. Rxd7 Qxd7 30. Nd5 Qe6 31. Qxb7 f5 32. exf5 Qxf5 33. Nde3 Qb1+ 34. Kh2 Qe1 35. Qf3 Nh4 36. Qf1 Qb4 37. Qf2 Ng6 38. a5 Bd4 39. Qf3 Qb8+ 40. Qg3 Qa7 41. Kh1 Kh7 42. b4 Qc7 43. Qxc7 1-0


[Site "https://www.chess.com"]

[Event "Titled Tuesday Blitz April 19 Early 2022"]
[White "Ianov, Viktor"]
[Black "Jakubowska, Anna"]
[WhiteFideId "14102730"]
[BlackFideId "1121952"]
[WhiteElo "2161"]
[BlackElo "1924"]
[Result "1-0"]
[Round "03"]
[TimeControl "180+1"]
[Date "2022.04.19"]
[WhiteClock "0:01:44"]
[BlackClock "0:01:06"]

1. Nf3 f5 2. g3 Nf6 3. Bg2 g6 4. c4 Bg7 5. Nc3 d6 6. d3 e5 7. Rb1 Qe7 8. O-O O-O 9. b4 h6 10. b5 Nbd7 11. a4 Nc5 12. Ba3 Bd7 13. Bxc5 dxc5 14. Nh4 Kh7 15. Bxb7 Rae8 16. Bh1 e4 17. Ng2 g5 18. Ne3 f4 19. Ned5 Nxd5 20. Bxe4+ Kh8 21. Nxd5 Qe5 22. e3 Bh3 23. Qh5 Bxf1 24. Rxf1 fxg3 25. hxg3 Re6 26. Kg2 Qb2 27. Qg4 Rd6 28. a5 c6 29. bxc6 Rxc6 30. Ne7 Rcf6 31. Ng6+ Kg8 32. Nxf8 Rxf8 33. Qe6+ Kh8 34. Qg6 1-0


[Site "https://www.chess.com"]

[Event "Titled Tuesday Blitz April 19 Early 2022"]
[White "Ibarra Jerez, Jose Carlos"]
[Black "Baches Garcia, Guillermo"]
[WhiteFideId "2226332"]
[BlackFideId "2209764"]
[WhiteElo "2626"]
[BlackElo "2506"]
[Result "1-0"]
[Round "03"]
[TimeControl "180+1"]
[Date "2022.04.19"]
[WhiteClock "0:00:29"]
[BlackClock "0:00:05"]

1. d4 Nf6 2. Bf4 e6 3. e3 d5 4. Nd2 c5 5. c3 Nc6 6. Ngf3 Nh5 7. Be5 f6 8. Bg3 Qb6 9. Qc2 Nxg3 10. hxg3 f5 11. g4 Bd7 12. gxf5 exf5 13. dxc5 Bxc5 14. Bd3 g6 15. O-O-O O-O-O 16. Ng5 Ne5 17. Rxh7 Rxh7 18. Nxh7 Ba4 19. Nb3 Be7 20. Rh1 Nc4 21. Rh3 Kb8 22. Qd1 Rc8 23. Bc2 Bc6 24. Qd4 Qc7 25. f4 a5 26. Nd2 Nd6 27. Qe5 a4 28. a3 Ka7 29. Nf6 Bxf6 30. Qxf6 Bb5 31. Qd4+ Kb8 32. Rh8 Rxh8 33. Qxh8+ Ka7 34. Qd4+ b6 35. Bxa4 Bxa4 36. Qxa4+ Kb7 37. Qd4 Qe7 38. Qxd5+ Kc7 39. Qe5 Qh7 40. Nc4 Qh1+ 41. Kc2 Qxg2+ 42. Kb3 Qc6 43. Qxd6+ Qxd6 44. Nxd6 1-0


[Site "https://www.chess.com"]

[Event "Titled Tuesday Blitz April 19 Early 2022"]
[White "Indjic, Aleksandar"]
[Black "Krishna, C R G"]
[WhiteFideId "911925"]
[BlackFideId "5018625"]
[WhiteElo "2616"]
[BlackElo "2332"]
[Result "0-1"]
[Round "03"]
[TimeControl "180+1"]
[Date "2022.04.19"]
[WhiteClock "0:00:04"]
[BlackClock "0:00:34"]

1. d4 d5 2. c4 e6 3. Nf3 Nf6 4. Nc3 Nbd7 5. cxd5 exd5 6. Qc2 c5 7. Bf4 cxd4 8. Nxd4 Bc5 9. e3 O-O 10. Bd3 Bxd4 11. exd4 Re8+ 12. Be2 Nb8 13. O-O Nc6 14. Rad1 h6 15. f3 Qb6 16. Qd2 Bf5 17. Be3 Re7 18. Bf2 Rae8 19. Rfe1 Re6 20. b3 Qa5 21. Bf1 a6 22. Rxe6 Rxe6 23. Na4 Qxd2 24. Rxd2 Nd7 25. Nc3 Nf6 26. g4 Bg6 27. h4 Re8 28. h5 Bh7 29. Kh2 g5 30. Kg3 Nd8 31. Re2 Ne6 32. Re5 Rc8 33. Nxd5 Nxd5 34. Rxd5 Rc1 35. Be2 Nf4 36. Rd8+ Kg7 37. Re8 Rh1 38. Be3 Rh3+ 39. Kf2 Rh2+ 40. Kf1 Rxe2 41. d5 Bd3 42. Kg1 Nxd5 43. Bd4+ f6 44. Rd8 Nf4 45. Rd7+ Kg8 46. Bxf6 Rg2+ 47. Kh1 Rf2 48. Bg7 Be2 49. Bxh6 Bxf3+ 50. Kg1 Nh3# 0-1


[Site "https://www.chess.com"]

[Event "Titled Tuesday Blitz April 19 Early 2022"]
[White "Ingebretsen, Jens E"]
[Black "Shirov, Alexei"]
[WhiteFideId "1522965"]
[BlackFideId "2209390"]
[WhiteElo "2072"]
[BlackElo "2678"]
[Result "0-1"]
[Round "03"]
[TimeControl "180+1"]
[Date "2022.04.19"]
[WhiteClock "0:00:32"]
[BlackClock "0:01:38"]

1. c4 c6 2. Nc3 d5 3. e3 Nf6 4. Nf3 Nbd7 5. b3 e5 6. Bb2 e4 7. Nd4 c5 8. Nc2 d4 9. exd4 cxd4 10. Nxd4 Bc5 11. Nc2 Ne5 12. Ne3 O-O 13. Nxe4 Nxe4 14. Bxe5 Re8 15. Bb2 Bxe3 16. dxe3 Qa5+ 17. Ke2 Bg4+ 18. f3 Rad8 19. Bd4 Nc3+ 20. Bxc3 Rxd1 21. Bxa5 Rxa1 22. Bc3 Rxa2+ 23. Kd3 Bd7 24. Be2 b5 25. c5 b4 0-1


[Site "https://www.chess.com"]

[Event "Titled Tuesday Blitz April 19 Early 2022"]
[White "Ismayil, Malak"]
[Black "Agibileg, Uurtsaikh"]
[WhiteFideId "13412604"]
[BlackFideId "4901606"]
[WhiteElo "1879"]
[BlackElo "2205"]
[Result "0-1"]
[Round "03"]
[TimeControl "180+1"]
[Date "2022.04.19"]
[WhiteClock "0:01:14"]
[BlackClock "0:01:48"]

1. e4 c5 2. Nf3 e6 3. Be2 Nc6 4. O-O Nf6 5. d3 Be7 6. Nc3 O-O 7. Bf4 d6 8. h3 a6 9. a3 h6 10. Re1 e5 11. Bh2 Be6 12. Bf1 b5 13. Qd2 Rb8 14. Nd1 a5 15. Ne3 Re8 16. g4 Nh7 17. Bg2 Ng5 18. c3 b4 19. axb4 axb4 20. Ra6 Nxf3+ 21. Bxf3 Na5 22. d4 cxd4 23. cxd4 Nb3 24. Qd3 Nxd4 25. Bg2 Bh4 26. Rc1 Rc8 27. Rxc8 Qxc8 28. Rxd6 Qc1+ 29. Nf1 Bc4 30. Qe3 Qxb2 31. Bxe5 Ne2+ 32. Kh2 Qxe5+ 0-1


[Site "https://www.chess.com"]

[Event "Titled Tuesday Blitz April 19 Early 2022"]
[White "Jaferian, Koosha"]
[Black "Toncheva, Nadya"]
[WhiteFideId "12507440"]
[BlackFideId "2924056"]
[WhiteElo "2030"]
[BlackElo "1884"]
[Result "1-0"]
[Round "03"]
[TimeControl "180+1"]
[Date "2022.04.19"]
[WhiteClock "0:00:13"]
[BlackClock "0:00:01"]

1. Nf3 Nf6 2. b3 d5 3. Bb2 Bf5 4. g3 e6 5. Bg2 c5 6. O-O Be7 7. d3 O-O 8. Nbd2 Nc6 9. e3 Qc7 10. Qe2 Rad8 11. Ne1 e5 12. e4 Be6 13. exd5 Bxd5 14. Nc4 Bxc4 15. bxc4 Bd6 16. Nf3 Rfe8 17. Ng5 Nd4 18. Qd2 h6 19. Ne4 Nxe4 20. Bxe4 f5 21. Bd5+ Kh8 22. c3 Nc6 23. Qe2 Ne7 24. Qf3 e4 25. dxe4 f4 26. Bc1 Rf8 27. Qg4 Be5 28. Rb1 b6 29. Bd2 Rd6 30. Kh1 Rg6 31. Qf3 Rgf6 32. g4 g5 33. h3 Ng6 34. Qd3 f3 35. a4 Qe7 36. a5 Bd6 37. Rg1 Nf4 38. Bxf4 Rxf4 39. e5 Qxe5 40. Rbe1 Re4 41. Rg3 Rxe1+ 42. Kh2 Qxg3+ 43. fxg3 f2 44. Qg6 f1=Q 45. Qxh6# 1-0


[Site "https://www.chess.com"]

[Event "Titled Tuesday Blitz April 19 Early 2022"]
[White "Jakubowski, Krzysztof"]
[Black "Lach, Aleksandra"]
[WhiteFideId "1112848"]
[BlackFideId "1134299"]
[WhiteElo "2365"]
[BlackElo "2172"]
[Result "1-0"]
[Round "03"]
[TimeControl "180+1"]
[Date "2022.04.19"]
[WhiteClock "0:00:04"]
[BlackClock "0:00:01"]

1. d4 f5 2. c4 Nf6 3. Nc3 d6 4. Bg5 Nbd7 5. Qc2 g6 6. O-O-O c6 7. h4 h6 8. Bxf6 Nxf6 9. Nh3 Bg7 10. e3 O-O 11. Nf4 Qe8 12. h5 g5 13. Ng6 Rf7 14. Bd3 Ng4 15. Rde1 e5 16. f3 e4 17. fxe4 fxe4 18. Nxe4 Qd8 19. Rhf1 Rxf1 20. Bxf1 d5 21. cxd5 cxd5 22. Nc3 Be6 23. Bd3 Rc8 24. Kb1 a6 25. Bf5 Qd7 26. Bxe6+ Qxe6 27. Qb3 Qf5+ 28. Ka1 Qf2 29. Rc1 Kh7 30. Qxb7 Qxe3 31. Rb1 Rd8 32. Qc7 Re8 33. Nxd5 Qxd4 34. Nc3 Ne3 35. a3 Nc2+ 36. Ka2 Ne3 37. Qc6 Qd3 38. Rc1 Re4 39. Qxe4 Qd2 40. Nf8+ Kg8 41. Re1 Nd1 42. Qe6+ Kxf8 43. Qe8# 1-0


[Site "https://www.chess.com"]

[Event "Titled Tuesday Blitz April 19 Early 2022"]
[White "Kadam, Om Manish"]
[Black "Donchenko, Alexander"]
[WhiteFideId "45076294"]
[BlackFideId "24603295"]
[WhiteElo "1729"]
[BlackElo "2539"]
[Result "0-1"]
[Round "03"]
[TimeControl "180+1"]
[Date "2022.04.19"]
[WhiteClock "0:00:26"]
[BlackClock "0:00:15"]

1. e4 c6 2. c4 d5 3. exd5 cxd5 4. cxd5 Nf6 5. Nc3 Nxd5 6. Nf3 Nc6 7. d4 Bg4 8. Bb5 Rc8 9. h3 Bxf3 10. Qxf3 e6 11. Nxd5 Qxd5 12. Qxd5 exd5 13. O-O Bd6 14. Re1+ Kd7 15. Bd2 a6 16. Bd3 g6 17. a3 Rhe8 18. Bc3 Bf8 19. Be2 Bg7 20. Bf3 Kd6 21. Red1 h5 22. Kf1 Bh6 23. Re1 b5 24. Rad1 Rxe1+ 25. Kxe1 a5 26. b3 b4 27. axb4 Nxb4 28. Bxb4+ axb4 29. Ra1 Rc6 30. Ra5 Rc1+ 31. Ke2 Rc2+ 32. Kd1 Rd2+ 33. Ke1 Rxd4 34. Ra7 Ke6 35. Ra6+ Ke5 36. Ra7 f6 37. Re7+ Kd6 38. Rf7 Ke6 39. Rb7 Bd2+ 40. Ke2 Bc3 41. Rb6+ Ke5 42. Rb7 Rd2+ 43. Kf1 d4 44. Rb5+ Kd6 45. Be4 f5 46. Bf3 Rb2 47. Rd5+ Ke7 48. Bd1 Ke6 49. Rd8 Rd2 50. Be2 h4 51. g3 hxg3 52. fxg3 Rb2 53. Bc4+ Ke5 54. Re8+ Kf6 55. h4 d3 56. Re6+ Kg7 57. Re7+ Kh6 58. Bg8 Kh5 59. Bc4 d2 60. Be2+ Kh6 61. Re6 Rb1+ 62. Kf2 d1=Q 63. Bxd1 Rxd1 0-1


[Site "https://www.chess.com"]

[Event "Titled Tuesday Blitz April 19 Early 2022"]
[White "Karavade, Eesha"]
[Black "Krsnik Cohar, Ivan Vihor"]
[WhiteFideId "5012600"]
[BlackFideId "14520044"]
[WhiteElo "2258"]
[BlackElo "2414"]
[Result "0-1"]
[Round "03"]
[TimeControl "180+1"]
[Date "2022.04.19"]
[WhiteClock "0:00:18"]
[BlackClock "0:01:21"]

1. d4 d5 2. c4 Bf5 3. e3 e6 4. Nf3 Nc6 5. Be2 Nf6 6. O-O Bd6 7. Nc3 O-O 8. cxd5 exd5 9. Bd2 Ne7 10. Rc1 c6 11. Na4 Ne4 12. Qb3 Bg4 13. Bb4 Rb8 14. h3 Bh5 15. Rfe1 Bxf3 16. Bxf3 f5 17. Bxd6 Qxd6 18. Nc5 Kh8 19. Be2 Ng6 20. f4 Rfe8 21. Bd3 Nh4 22. Bxe4 fxe4 23. Qc2 Qg6 24. Kh2 Re7 25. Qf2 Qh6 26. b4 Rf8 27. a4 g5 28. Rf1 gxf4 29. exf4 e3 30. Qe2 Rxf4 31. Rf2 Rxf2 0-1


[Site "https://www.chess.com"]

[Event "Titled Tuesday Blitz April 19 Early 2022"]
[White "Karavaeva, Olga"]
[Black "Constantinou, Peter"]
[WhiteFideId "4124111"]
[BlackFideId "413038"]
[WhiteElo "2105"]
[BlackElo "2230"]
[Result "1-0"]
[Round "03"]
[TimeControl "180+1"]
[Date "2022.04.19"]
[WhiteClock "0:01:41"]
[BlackClock "0:01:35"]

1. c4 e5 2. Nc3 Nc6 3. g3 g6 4. Bg2 Bg7 5. Nf3 d6 6. h3 h6 7. b3 Be6 8. Bb2 Nge7 9. O-O O-O 10. e3 d5 11. cxd5 Nxd5 12. d4 exd4 13. Nxd4 Nxd4 14. exd4 c6 15. Re1 Nxc3 16. Bxc3 Bd5 17. Qd3 Bxg2 18. Kxg2 Qd7 19. Rad1 Rad8 20. Re4 Rfe8 21. Rde1 Qd5 22. f3 Rxe4 23. fxe4 Qd7 24. Rd1 Re8 25. Qf3 Qe7 26. Re1 c5 27. dxc5 Qxc5 28. Bxg7 Kxg7 29. Re2 Re7 30. h4 h5 31. a4 a5 32. e5 Rxe5 33. Rxe5 Qxe5 34. Qxb7 Qe2+ 35. Kg1 Qe1+ 36. Kg2 Qe2+ 37. Kg1 Qe3+ 38. Kg2 Qe4+ 39. Qxe4 1-0


[Site "https://www.chess.com"]

[Event "Titled Tuesday Blitz April 19 Early 2022"]
[White "Karolczuk, Iwo"]
[Black "Popadic, Dragan"]
[WhiteFideId "21816972"]
[BlackFideId "913650"]
[WhiteElo "2277"]
[BlackElo "2203"]
[Result "1-0"]
[Round "03"]
[TimeControl "180+1"]
[Date "2022.04.19"]
[WhiteClock "0:00:08"]
[BlackClock "0:00:07"]

1. e4 c5 2. Nf3 Nc6 3. Bb5 e5 4. O-O d6 5. c3 Bd7 6. d4 Qc7 7. Na3 Nf6 8. Re1 Be7 9. Bf1 Bg4 10. d5 Nb8 11. h3 Bxf3 12. Qxf3 O-O 13. Nc4 a6 14. a4 b6 15. Ne3 Re8 16. Nf5 Bf8 17. g4 Qd8 18. Kh2 g6 19. Ng3 Nbd7 20. Bd3 Bg7 21. g5 Nh5 22. Nxh5 gxh5 23. Qxh5 Nf8 24. Be3 Ng6 25. Rg1 Nf4 26. Bxf4 exf4 27. e5 Rxe5 28. Qxh7+ Kf8 29. g6 f5 30. Qh5 Qf6 31. Rg5 Rxd5 32. Be4 Re5 33. Bxa8 Ke7 34. Rd1 Kd7 35. Bd5 Kc7 36. Rgg1 f3 37. Qxf3 Qh4 38. Rge1 a5 39. Ba8 d5 40. Rxe5 Bxe5+ 41. Kh1 Kb8 42. Bxd5 Ka7 43. Ba8 Qe4 44. Bxe4 fxe4 45. Qxe4 1-0


[Site "https://www.chess.com"]

[Event "Titled Tuesday Blitz April 19 Early 2022"]
[White "Kezin, Roman"]
[Black "Nakamura, Hikaru"]
[WhiteFideId "24124621"]
[BlackFideId "2016192"]
[WhiteElo "2570"]
[BlackElo "2850"]
[Result "0-1"]
[Round "03"]
[TimeControl "180+1"]
[Date "2022.04.19"]
[WhiteClock "0:00:02"]
[BlackClock "0:01:56"]

1. d4 g6 2. c4 Bg7 3. Nc3 c5 4. d5 Bxc3+ 5. bxc3 f5 6. e4 fxe4 7. f3 Qa5 8. fxe4 d6 9. Qc2 Nf6 10. Nf3 Bg4 11. Ng5 h6 12. e5 Bf5 13. Bd3 hxg5 14. Bxf5 gxf5 15. exf6 exf6 16. O-O Nd7 17. Re1+ Kd8 18. Re6 Kc7 19. Bd2 Qa6 20. Qxf5 Qxc4 21. Rxd6 Rad8 22. Re1 Qh4 23. Rde6 Qxh2+ 24. Kf1 Qh1+ 25. Kf2 Qh4+ 26. Kg1 Nb6 27. Rxf6 Kb8 28. d6 Nc4 0-1


[Site "https://www.chess.com"]

[Event "Titled Tuesday Blitz April 19 Early 2022"]
[White "Khamdamova, Afruza"]
[Black "San, Thit Lwin"]
[WhiteFideId "14210444"]
[BlackFideId "13001272"]
[WhiteElo "1660"]
[BlackElo "2232"]
[Result "1-0"]
[Round "03"]
[TimeControl "180+1"]
[Date "2022.04.19"]
[WhiteClock "0:00:10"]
[BlackClock "0:00:03"]

1. e4 Nf6 2. e5 Nd5 3. d4 d6 4. Nf3 Bg4 5. exd6 cxd6 6. c4 Nb6 7. h3 Bh5 8. Nc3 e6 9. b3 Be7 10. Bb2 O-O 11. Bd3 d5 12. c5 Nc8 13. O-O Nc6 14. Be2 Bf6 15. g4 Bg6 16. a3 h5 17. Kg2 hxg4 18. hxg4 Be4 19. Nxe4 dxe4 20. Ne5 Bxe5 21. dxe5 N8e7 22. Qd6 Ng6 23. Qxd8 Rfxd8 24. Rfe1 Ncxe5 25. Bxe5 Nxe5 26. Bd1 f5 27. gxf5 exf5 28. b4 Kf7 29. Bb3+ Kf6 30. Red1 g5 31. Bd5 Rab8 32. Bb3 Nd3 33. Bc2 Nf4+ 34. Kf1 Rh8 35. Rd6+ Ke5 36. Kg1 Rbd8 37. Rad1 Rxd6 38. Rxd6 Ne2+ 39. Kf1 Nd4 40. Ba4 f4 41. Rd7 f3 42. Ke1 Rh1+ 43. Kd2 Rf1 44. Rxb7 Rxf2+ 45. Kc3 Ra2 46. Re7+ Ne6 47. Bb3 Rxa3 48. Rxe6+ Kf5 49. Re8 g4 50. Kb2 Rxb3+ 51. Kxb3 g3 52. Rg8 f2 53. Rf8+ Kg4 54. c6 g2 55. c7 f1=Q 56. c8=Q+ Kg3 57. Rg8+ Kh2 58. Rh8+ Kg1 59. Qc5+ Qf2 60. Kc3 e3 61. Rf8 Qd2+ 62. Kb3 Qd1+ 63. Kc4 Qc2+ 64. Kd4 Qd2+ 65. Ke4 Qe2 66. Qxe3+ Qxe3+ 67. Kxe3 Kh2 68. Rh8+ Kg1 69. Rg8 Kh2 70. Kf2 g1=Q+ 71. Rxg1 Kh3 72. Rg7 Kh4 73. Rxa7 Kh5 74. b5 Kg4 75. b6 1-0


[Site "https://www.chess.com"]

[Event "Titled Tuesday Blitz April 19 Early 2022"]
[White "Koc, Przemyslaw"]
[Black "Dev, Shah"]
[WhiteFideId "1109081"]
[BlackFideId "35019058"]
[WhiteElo "2141"]
[BlackElo "2075"]
[Result "0-1"]
[Round "03"]
[TimeControl "180+1"]
[Date "2022.04.19"]
[WhiteClock "0:00:15"]
[BlackClock "0:01:10"]

1. d4 d5 2. Nf3 Nf6 3. e3 c5 4. b3 cxd4 5. exd4 Nc6 6. Bd3 Bg4 7. Bb2 e6 8. O-O Bd6 9. a3 O-O 10. Nbd2 h6 11. h3 Bh5 12. Qe2 Re8 13. g4 Bg6 14. Bxg6 fxg6 15. Ne5 Bxe5 16. dxe5 Nd7 17. f4 Qb6+ 18. Kh2 Rac8 19. Qd3 Ne7 20. Bd4 Nc5 21. Bxc5 Qxc5 22. Rac1 Qxa3 23. Nf3 Qb4 24. Nd4 Rc3 25. Qd1 Nc6 26. Ne2 Re3 27. c3 Qe4 28. Ng3 Qd3 29. Qxd3 Rxd3 30. Rfd1 Rxd1 31. Rxd1 Rf8 32. Ne2 g5 33. Kg3 b5 34. fxg5 hxg5 35. Nd4 Nxd4 36. cxd4 Rc8 37. Rd3 b4 38. Kf2 Rc2+ 39. Ke1 Kf7 40. Kd1 Rf2 41. Ke1 Rb2 42. Kd1 Ke7 43. Rf3 a5 44. Kc1 Ra2 45. Kb1 Rd2 46. Kc1 Rxd4 47. Kc2 Re4 48. Kd3 Rxe5 49. Kd4 Re1 50. Kc5 Ra1 51. Kb5 Ra3 52. Kc5 a4 0-1


[Site "https://www.chess.com"]